Construct Section Command Post
Selects Air and Sea Battlegroup
Construct Field Infirmary
Selects Commando Section Paradrop
Commando Section Paradrop
Construct Platoon Command Post
Unlock M3 Stuart Light Tanks
Selects Commando Support Section Paradrop
Commando Support Section Paradrop
Selects Anti-tank Rocket Loiter
Unlock Bishop Self-propelled Artillery
Construct Company Command Post
Bishop Self-propelled Artillery
Bishop Self-propelled Artillery
Commando Support Section Paradrop
Commando Section Paradrop
Selects Naval Bombardment
Unlock Towed 17-pounder Anti-tank Guns